 Dungeon Sprint DCSS version 0.31-a0-851-g7ff8af7976 (webtiles) character file.

Game seed: 9900230237883584744

41133 sircluck the Brawler (level 13, -1/157 HPs)
             Began as a Troll Berserker on Oct 5, 2023.
             Was a High Priest of Trog.
             Succumbed to a death drake's dark miasma
             ... in the Dungeon (Sprint III: "The Ten Rune Challenge") on Oct 6, 2023.
             The game lasted 00:09:29 (3394 turns).

sircluck the Brawler (Troll Berserker)              Turns: 3394, Time: 00:09:30

Health: -1/157     AC:  4    Str: 32    XL:     13   Next: 8%
Magic:  12/12      EV: 14    Int:  3    God:    Trog [*****.]
Gold:   1801       SH:  0    Dex:  9    Spells: 12/12 levels left

rFire   . .          .
                       - Unarmed
rCold   . . .        (no shield)
rNeg    . . .        a - +0 animal skin
rPois   .            (helmet restricted)
rElec   .            (no cloak)
rCorr   .            (gloves unavailable)
SInv    .            (boots unavailable)
Will    ++...        (no amulet)
Stlth   +            o - ring of flight
HPRegen 2.26/turn    (no ring)
MPRegen 0.13/turn

%: no teleportation, clarity
@: lethally poisoned (-1 -> -47), strong-willed, flying, regenerating, slowed,
very slow
A: large, unfitting armour, claws 3, regeneration 1, shaggy fur 1, tough skin 1,
beak, clarity
}: 1/10 runes: serpentine
a: Renounce Religion, Berserk, Trog's Hand, Brothers in Arms


You were in the Dungeon.
You worshipped Trog.
Trog was extremely pleased with you.
You visited 1 branch You collected 1801 gold pieces.

Inventory:

Missiles
 b - 7 curare-tipped darts
Armour
 a - a +0 animal skin (worn)
Jewellery
 o - a ring of flight (left claw)
Wands
 i - a wand of digging (7)
Scrolls
 h - 3 scrolls of identify
 j - a scroll of torment {unknown}
 l - a scroll of poison {unknown}
 m - a scroll of enchant weapon {unknown}
Potions
 d - 2 potions of haste
 e - 2 potions of magic
 f - a potion of berserk rage
 k - 3 potions of enlightenment {unknown}
 p - a potion of attraction {unknown}
Miscellaneous
 n - a box of beasts


   Skills:
 + Level 17.5 Fighting
 + Level 17.2 Dodging
 + Level 20.2 Unarmed Combat


You had 12 spell levels left.
You didn't know any spells.
Your spell library was empty.

Dungeon Overview and Level Annotations

Branches:
Dungeon (1/1)

Altars:
Cheibriados
Dithmenos
Elyvilon
Fedhas
Gozag
Hepliaklqana
Kikubaaqudgha
Makhleb
Nemelex Xobeh
Okawaru
Qazlal
Ru
Sif Muna
Trog
Uskayaw
Vehumet
Wu Jian
Xom
Yredelemnul
Zin
The Shining One
Jiyva
Lugonu

Shops:
D =(?(

Annotations:
D exclusion: 2 doors


Innate Abilities, Weirdness & Mutations

You are too large for most types of armour.
You have claws for hands.
Your natural rate of healing is unusually fast.
You are covered in fur. (AC +1)
You have tough skin. (AC +1)
You have a beak for a mouth.
You possess an exceptional clarity of mind.


Message History

You are engulfed in dark miasma.
You are more poisoned.
You feel extremely sick.
Your cyclops is engulfed in dark miasma.
Your cyclops is poisoned.
You are engulfed in dark miasma.
You are more poisoned.
* * * LOW HITPOINT WARNING * * *
You feel extremely sick. The death drake bites you.
* * * LOW HITPOINT WARNING * * *
You claw the death drake!
The death drake is lightly wounded.
You are engulfed in dark miasma.
You are more poisoned.
* * * LOW HITPOINT WARNING * * *
x2 You feel extremely sick.
Your cyclops is engulfed in dark miasma.
Your cyclops looks even sicker.
The death drake barely misses you.
Unknown command.
You claw the death drake! Your peck misses the death drake.
The death drake is moderately wounded.
You are engulfed in dark miasma.
You are more poisoned.
* * * LOW HITPOINT WARNING * * *
x2 You feel extremely sick.
The death drake barely misses you.
Unknown command.
You feel much better.
You are engulfed in dark miasma.
You are more poisoned.
You feel yourself slow down.
* * * LOW HITPOINT WARNING * * *
x2 You feel extremely sick.
The death drake completely misses you.
Your cyclops hits the death drake!
Unknown command.
Unknown command.
Your skin crawls.
You feel strong-willed.
You die...

.....♣♣♣♣~~~........~~~...##.#.#.
.≈≈≈≈'♣♣)♣≈≈≈≈≈≈≈≈≈≈≈≈♣♣..'.#.#.#
.....#.~♣♣♣♣♣♣♣♣♣♣♣♣♣♣♣♣..##.#.#.
♣♣♣♣♣#..♣♣ ♣♣♣##'####
###†♣♣♣♣♣♣♣♣♣♣♣♣♣♣♣ #...'.§ ♣
♣♣♣♣.##..##~~~~~≈..# #...#.≈ ♣♣
♣.†.##.##)#~~~~≈☼..# #...#.# '♣
♣♣.##.##†##°~~~≈○### #####)# .♣
♣..#.##).°#@C.○☼○○° #....)# ##♣♣
♣♣.##.##..#k..+#### #..).)# ...♣
♣♣.##.#####...# #.....# ...♣
♣.....# ....# #....P#
############ ##### #+#####
..........## ........)..#
#########÷.# ...........#


You could see a death drake (ally target) and a friendly cyclops (summoned,
berserk, very poisoned).

Vanquished Creatures
  Rupert (D)
  Gastronok (D)
  A nagaraja (D)
  2 dire elephants (D)
  Snorg (D)
  2 hydras (D)
  An anaconda (D)
  A centaur warrior (D)
  Urug (D)
  A lindwurm (D)
  A deep elf pyromancer (D)
  An elephant (D)
  3 black mambas (D)
  A guardian serpent (D)
  2 cane toads (D)
  A rime drake (D)
  2 unseen horrors (D)
  A komodo dragon (D)
  A queen bee (D)
  2 tyrant leeches (D)
  6 blink frogs (D)
  3 orc high priests (D)
  3 wandering mushrooms (D)
  A shadow (D)
  3 redbacks (D)
  A spatial vortex (D)
  A naga (D)
  5 water moccasins (D)
  A swamp drake (D)
  2 centaurs (D)
  An earth elemental (D)
  A necrophage (D)
  A water elemental (D)
  29 killer bees (D)
  An electric eel (D)
  An orc priest (D)
  A jelly (D)
  A wizard (D)
  A necromancer (D)
  A kobold demonologist (D)
  3 humans (D)
  3 adders (D)
  A phantom (D)
  An orc (D)
  An endoplasm (D)
  3 rats (D)
103 creatures vanquished.

Vanquished Creatures (collateral kills)
  Sigmund (D)
  3 anacondas (D)
  4 death yaks (D)
  A naga warrior (D)
  An orc high priest (D)
  An orc knight (D)
  An elephant (D)
  A black mamba (D)
  Edmund (D)
  2 blink frogs (D)
  A naga (D)
  4 orc warriors (D)
  3 killer bees (D)
  An orc priest (D)
  2 orc wizards (D)
  7 orcs (D)
  A goblin (D)
35 creatures vanquished.

Vanquished Creatures (others)
  A ballistomycete spore (D)
1 creature vanquished.

Grand Total: 139 creatures vanquished

Notes
Turn   | Place    | Note
-------+----------+-------------------------------------------
     0 | D        | sircluck the Troll Berserker began the quest for the Orb.
     0 | D        | Reached XP level 1. HP: 22/22 MP: 0/0
    21 | D        | Reached ** piety under Trog
    50 | D        | Reached XP level 2. HP: 26/31 MP: 1/1
    56 | D        | Reached skill level 4 in Unarmed Combat
    73 | D        | Noticed a water elemental
    99 | D        | Gained mutation: Your muscles are strong. (Str +4, Int/Dex
                  | -1) [potion of mutation]
    99 | D        | Lost mutation: Your muscles are strong. (Str +4, Int/Dex
                  | -1) [potion of mutation]
   100 | D        | Gained mutation: Your system is resistant to poisons.
                  | (rPois) [potion of mutation]
   100 | D        | Gained mutation: You are partially covered in iridescent
                  | scales. (AC +2) [potion of mutation]
   100 | D        | Gained mutation: Your spells are a little harder to cast,
                  | but a little more powerful. [potion of mutation]
   101 | D        | Lost mutation: Your spells are a little harder to cast, but
                  | a little more powerful. [potion of mutation]
   101 | D        | Lost mutation: Your system is resistant to poisons. (rPois)
                  | [potion of mutation]
   101 | D        | Gained mutation: Your magical capacity is low. (-10% MP)
                  | [potion of mutation]
   102 | D        | Lost mutation: Your magical capacity is low. (-10% MP)
                  | [potion of mutation]
   102 | D        | Lost mutation: You are partially covered in iridescent
                  | scales. (AC +2) [potion of mutation]
   102 | D        | Gained mutation: You have a beak for a mouth. [potion of
                  | mutation]
   102 | D        | Gained mutation: You possess an exceptional clarity of
                  | mind. [potion of mutation]
   153 | D        | Killed a water elemental
   153 | D        | Reached *** piety under Trog
   154 | D        | Reached skill level 5 in Unarmed Combat
   154 | D        | Reached XP level 3. HP: 18/40 MP: 2/2
   154 | D        | Reached XP level 4. HP: 22/49 MP: 3/3
   157 | D        | Found a radiant altar of Vehumet.
   157 | D        | Found a shimmering blue altar of Sif Muna.
   157 | D        | Found an ancient bone altar of Kikubaaqudgha.
   157 | D        | Noticed a wizard
   161 | D        | Reached skill level 5 in Fighting
   161 | D        | Reached skill level 6 in Unarmed Combat
   163 | D        | Killed a wizard
   163 | D        | Reached **** piety under Trog
   164 | D        | Reached skill level 5 in Dodging
   199 | D        | Found a glowing silver altar of Zin.
   199 | D        | Found a glowing golden altar of the Shining One.
   199 | D        | Found a white marble altar of Elyvilon.
   200 | D        | Noticed a deep elf pyromancer
   205 | D        | Killed a deep elf pyromancer
   206 | D        | Reached skill level 9 in Unarmed Combat
   206 | D        | Reached XP level 5. HP: 43/63 MP: 4/4
   206 | D        | Reached XP level 6. HP: 49/72 MP: 5/5
   206 | D        | Reached XP level 7. HP: 54/79 MP: 6/6
   234 | D        | Found a hide-covered altar of Uskayaw.
   234 | D        | Found an iron altar of Okawaru.
   234 | D        | Found a bloodstained altar of Trog.
   234 | D        | Found an ornate altar of the Wu Jian Council.
   234 | D        | Noticed a human
   234 | D        | Noticed a human
   237 | D        | Killed a human
   247 | D        | Killed a human
   248 | D        | Reached skill level 10 in Unarmed Combat
   287 | D        | Found a basalt altar of Yredelemnul.
   287 | D        | Found a shadowy altar of Dithmenos.
   287 | D        | Found a sacrificial altar of Ru.
   290 | D        | Reached ***** piety under Trog
   295 | D        | Received a gift from Trog
   303 | D        | Noticed a shadow
   304 | D        | Killed a shadow
   305 | D        | Reached XP level 8. HP: 92/92 MP: 7/7
   316 | D        | Found a blossoming altar of Fedhas.
   316 | D        | Found a stormy altar of Qazlal.
   316 | D        | Found a snail-covered altar of Cheibriados.
   316 | D        | Found a burning altar of Makhleb.
   316 | D        | Found a shimmering altar of Xom.
   317 | D        | Found a hazy altar of Hepliaklqana.
   317 | D        | Found an opulent altar of Gozag.
   317 | D        | Found a sparkling altar of Nemelex Xobeh.
   317 | D        | Found a corrupted altar of Lugonu.
   317 | D        | Found a viscous altar of Jiyva.
   339 | D        | Noticed Snorg
   350 | D        | Killed Snorg
   351 | D        | Reached skill level 10 in Fighting
   351 | D        | Reached skill level 10 in Dodging
   351 | D        | Reached skill level 12 in Unarmed Combat
   474 | D        | Noticed a centaur warrior
   477 | D        | Reached XP level 9. HP: 78/102 MP: 8/8
   483 | D        | Killed a centaur warrior
   558 | D        | Killed an unseen horror
   558 | D        | Received a gift from Trog
   559 | D        | Reached skill level 13 in Unarmed Combat
   565 | D        | Killed an unseen horror
   598 | D        | Noticed a wandering mushroom
   604 | D        | Noticed a wandering mushroom
   606 | D        | Noticed a wandering mushroom
   616 | D        | Reached ****** piety under Trog
   635 | D        | Noticed a cane toad
   635 | D        | Noticed a komodo dragon
   635 | D        | Noticed a cane toad
   638 | D        | Killed a cane toad
   639 | D        | Reached XP level 10. HP: 115/115 MP: 9/9
   642 | D        | Killed a cane toad
   643 | D        | Reached skill level 14 in Unarmed Combat
   646 | D        | Received a gift from Trog
   741 | D        | Noticed an elephant
   741 | D        | Noticed an elephant
   743 | D        | Noticed a dire elephant
   744 | D        | Killed an elephant
   745 | D        | Reached skill level 15 in Unarmed Combat
   747 | D        | Noticed a dire elephant
   749 | D        | Killed a dire elephant
   753 | D        | Killed a dire elephant
   756 | D        | Killed an elephant
   757 | D        | Reached XP level 11. HP: 127/127 MP: 10/10
   758 | D        | Noticed Gastronok
   769 | D        | Killed Gastronok
   770 | D        | Reached skill level 16 in Unarmed Combat
   774 | D        | Noticed an azure jelly
   774 | D        | Noticed an azure jelly
   774 | D        | Noticed an azure jelly
   813 | D        | Noticed an azure jelly
   816 | D        | Noticed Rupert
   826 | D        | Killed Rupert
   826 | D        | Received a gift from Trog
   865 | D        | Noticed a death yak
   867 | D        | Noticed a death yak
   867 | D        | Noticed a death yak
   868 | D        | Noticed a death yak
   870 | D        | Killed a death yak
   874 | D        | Killed a death yak
   876 | D        | Killed a death yak
   877 | D        | Reached skill level 17 in Unarmed Combat
   878 | D        | Killed a death yak
   886 | D        | Identified the +1 lajatang of the Revolution {heavy, rF-
                  | Str+6 Dex+6} (Trog gifted it to you in the Dungeon)
   886 | D        | Received a gift from Trog
   898 | D        | Reached skill level 15 in Fighting
  1263 | D        | Received a gift from Trog
  1264 | D        | Reached skill level 15 in Dodging
  2011 | D        | Noticed an anaconda
  2012 | D        | Noticed an anaconda
  2017 | D        | Killed an anaconda
  2017 | D        | Killed an anaconda
  2017 | D        | Received a gift from Trog
  2018 | D        | Reached skill level 18 in Unarmed Combat
  2018 | D        | Reached XP level 12. HP: 143/143 MP: 11/11
  2028 | D        | Noticed an anaconda
  2028 | D        | Noticed an anaconda
  2030 | D        | Killed an anaconda
  2031 | D        | Killed an anaconda
  2041 | D        | Noticed a nagaraja
  2041 | D        | Noticed a naga warrior
  2066 | D        | Killed a nagaraja
  2074 | D        | HP: 7/144 [poisoned by a naga warrior (splash of poison)]
  2083 | D        | Killed a naga warrior
  2085 | D        | Received a gift from Trog
  2182 | D        | Found Enijiaru's Jewellery Boutique.
  2182 | D        | Found Riorhebb's Antique Weapon Emporium.
  2184 | D        | Found Xialiese's Magic Scroll Shop.
  2211 | D        | Got a serpentine rune of Zot
  2364 | D        | Received a gift from Trog
  2410 | D        | Received a gift from Trog
  2426 | D        | Reached skill level 19 in Unarmed Combat
  2539 | D        | Identified the +7 great mace of the Five Geomancers {flame,
                  | rPois} (Trog gifted it to you in the Dungeon)
  2539 | D        | Received a gift from Trog
  2548 | D        | Received a gift from Trog
  2571 | D        | Noticed an orc high priest
  2574 | D        | Killed an orc high priest
  2574 | D        | Received a gift from Trog
  2587 | D        | Found Pathae Sauz's Antique Weapon Shop.
  2655 | D        | Noticed Sigmund
  2655 | D        | Noticed Edmund
  2684 | D        | Killed Sigmund
  2688 | D        | Killed Edmund
  2801 | D        | Identified the +10 rapier "Caas" {heavy, Dex+6} (Trog
                  | gifted it to you in the Dungeon)
  2801 | D        | Received a gift from Trog
  3328 | D        | Received a gift from Trog
  3331 | D        | Noticed Urug
  3335 | D        | Killed Urug
  3336 | D        | Reached skill level 20 in Unarmed Combat
  3336 | D        | Reached XP level 13. HP: 108/156 MP: 12/12
  3394 | D        | Succumbed to a death drake's dark miasma

Illustrated notes

Levels and vault maps discovered:
D:        dungeon_sprint_mu [sprint_mu_entry_forest, sprint_mu_temple_rooms,
          sprint_mu_d1_horrors, sprint_mu_d2_genie, sprint_mu_d3_branching,
          sprint_mu_orc_legion, sprint_mu_elf_gauntlet, sprint_mu_hive_nellie,
          sprint_mu_lair_fedhas, sprint_mu_vaults_butterflies,
          sprint_mu_slime_circle, sprint_mu_shoals_archi,
          sprint_mu_snake_twists, sprint_mu_blade_basic,
          sprint_mu_crypt_fortress, sprint_mu_tomb_spiral,
          sprint_mu_vestibule_basic, sprint_mu_gehenna_hellfire,
          sprint_mu_dis_giant, sprint_mu_tartarus_statrot,
          sprint_mu_cocytus_islands, sprint_mu_zot1]

Skill      XL: |  1  2  3  4  5  6  7  8  9 10 11 12 |
---------------+-------------------------------------+-----
Fighting       | 3 4 7 9 10 11 13 15 17 | 17.5
Dodging        | 3 4 7 9 10 11 13 15 17 | 17.2
Unarmed Combat | 5 9 10 12 13 15 18 20 | 20.2

Action                     |  1- 3 |  4- 6 |  7- 9 | 10-12 | 13-15 || total
---------------------------+-------+-------+-------+-------+-------++-------
  Melee: Unarmed           |    20 |    10 |    69 |   228 |    11 ||   338
         Peck              |     1 |       |    16 |    27 |     2 ||    46
         Punch             |     1 |       |     3 |    16 |     2 ||    22
 Invoke: Berserk           |       |       |     1 |     1 |       ||     2
         Brothers in Arms  |       |       |       |     9 |     1 ||    10
         Trog's Hand       |       |       |       |       |     1 ||     1
    Use: Potion            |     4 |       |       |     3 |     1 ||     8
         Scroll            |       |       |       |     1 |       ||     1
   Stab: Distracted        |       |       |       |     1 |       ||     1
 Armour: Animal skin       |    11 |     7 |    70 |   108 |    11 ||   207
         Skin              |       |       |       |     4 |       ||     4
  Dodge: Dodged            |     7 |     1 |    34 |   114 |    10 ||   166

Table legend: (Time is in decaauts)
 A = Elapsed time spent in this place.
 B = Non-inter-level travel time spent in this place.
 C = Inter-level travel time spent in this place.
 D = Time resting spent in this place.
 E = Time spent auto-exploring this place.
 F = Levels seen in this place.
 G = Mean time per level.
                   A        B        C        D        E       F      G
               +--------+--------+--------+--------+--------+-----+--------+
         Total |   3313 |   3014 |    299 |   1775 |    450 |   1 | 3313.0 |
       Dungeon |   3313 |   3014 |    299 |   1775 |    450 |   1 | 3313.0 |
               +--------+--------+--------+--------+--------+-----+--------+

Top non-repeatable levels by time:
       D: 3313 daAuts
